 Dungeon Crawl Stone Soup version 0.29.1-12-g30fa7ad0bf (webtiles) character file.

Game seed: 2080234950845087840

22983 FexLirch the Eclecticist (level 13, 0/111 HPs)
             Began as a Meteoran Earth Elementalist on Jan 2, 2023.
             Was a High Priest of Cheibriados.
             Slain by a five-headed hydra (3 damage)
             ... on level 5 of the Lair of Beasts.
             The game lasted 00:51:42 (3639 turns).

FexLirch the Eclecticist (MeEE)                     Turns: 3639, Time: 00:51:43

Health: 0/111      AC: 11    Str: 22    XL:     13   Next: 65%
Magic:  12/44      EV: 15    Int: 32    God:    Cheibriados [*****.]
Gold:   13         SH: 13    Dex: 29    Spells: 24/46 levels left

rFire   . . .      SeeInvis .   L - +2 short sword (elec)
rCold   . . .      Faith    .   D - +0 kite shield
rNeg    . . .      Spirit   .   u - +2 robe {Will+}
rPois   .          Reflect  .   H - +0 helmet
rElec   .          Harm     .   q - +0 cloak
rCorr   .          Rampage  .   E - +0 pair of gloves
Will    ++...                   (no boots)
Stlth   +.........              (no amulet)
HPRegen 0.28/turn               B - ring of magical power
MPRegen 0.29/turn               o - +4 ring of protection

@: glowing, very slow
A: sense surroundings 2, otherworldly, glowing, explore regen
a: Renounce Religion, Bend Time, Temporal Distortion, Slouch, Step From Time


You were on level 5 of the Lair of Beasts.
You worshipped Cheibriados.
Cheibriados was extremely pleased with you.
You visited 3 branches of the dungeon, and saw 17 of its levels.

You collected 13 gold pieces.

Inventory:

Hand Weapons
 C - a +1 trident of flaming
 L - a +2 short sword of electrocution (weapon)
 M - a +0 quick blade
Armour
 n - a +1 leather armour of fire resistance
 q - a +0 cloak (worn)
 s - a +2 chain mail of positive energy
 u - a +2 robe of willpower (worn)
 D - a +0 kite shield (worn)
 E - a +0 pair of gloves (worn)
 H - a +0 helmet (worn)
Magical Staves
 O - a staff of cold
Jewellery
 o - a +4 ring of protection (right hand)
 B - a ring of magical power (left hand)
 I - a +6 ring of strength
Wands
 b - a wand of flame (13)
 f - a wand of acid (12)
 i - a wand of roots (4)
 r - a wand of charming (6)
 y - a wand of digging (6)
 K - a wand of polymorph (10)
Scrolls
 c - 2 scrolls of immolation
 e - 2 scrolls of amnesia
 p - a scroll of fear {unknown}
 x - 6 scrolls of fog
 z - 2 scrolls of magic mapping
 F - a scroll of enchant armour {unknown}
 Q - a scroll of acquirement {unknown}
Potions
 g - 2 potions of haste
 h - 2 potions of berserk rage
 j - 3 potions of curing
 l - a potion of flight {unknown}
 v - 2 potions of lignification
 w - a potion of invisibility {unknown}
 G - a potion of mutation
 J - a potion of resistance
 P - a potion of attraction {unknown}
Miscellaneous
 m - a tin of tremorstones (2/2)


   Skills:
 + Level 9.5 Fighting
 - Level 2.1 Armour
 + Level 4.5 Dodging
 - Level 1.4 Stealth
 - Level 7.0 Shields
 * Level 17.3 Spellcasting
 - Level 4.0 Conjurations
 * Level 5.2 Transmutations
 * Level 8.6 Earth Magic
 - Level 5.3 Poison Magic
 - Level 6.8 Invocations
 - Level 1.4 Evocations


You had 24 spell levels left.
You knew the following spells:

 Your Spells              Type           Power      Damage    Failure   Level
a - Sandblast             Erth           100%       2d20      1%          1
b - Passwall              Tmut/Erth      53%        N/A       1%          2
c - Stone Arrow           Conj/Erth      100%       3d13      1%          3
d - Olgreb's Toxic Radia  Pois           57%        N/A       4%          4
e - Call Canine Familiar  Summ           27%        N/A       11%         3
f - Statue Form           Tmut/Erth      42%        N/A       32%         6
g - Ozocubu's Armour      Ice            27%        N/A       11%         3

Your spell library contained the following spells:

 Spells                   Type           Power      Damage    Failure   Level
 Magic Dart               Conj           100%       1d8       1%          1
 Sting                    Tmut/Pois      100%       1d8       1%          1
 Poisonous Vapours        Pois/Air       88%        N/A       1%          2
 Searing Ray              Conj           100%       2d8       1%          2
 Petrify                  Tmut/Erth      64%        N/A       2%          4
 Summon Small Mammal      Summ           100%       N/A       3%          1
 Leda's Liquefaction      Hex/Erth       26%        N/A       6%          4
 Portal Projectile        Hex/Tloc       54%        N/A       11%         3
 Summon Guardian Golem    Hex/Summ       27%        N/A       11%         3
 Fulminant Prism          Conj/Hex       20%        3d13      16%         4
 Metabolic Englaciation   Hex/Ice        13%        N/A       71%         5
 Simulacrum               Ice/Necr       13%        N/A       99%         6


Dungeon Overview and Level Annotations

Branches:
Dungeon (11/15) Zot: 5896  Temple (1/1) D:5 Zot: 669    Lair (5/5) D:9 Zot: 3382
  Snake (0/4) Lair:3        Slime (0/5) Lair:5
  Swamp: Lair:2-3    Shoals: Lair:2-3       Orc: D:9-12

Altars:
Ashenzari
Cheibriados
Dithmenos
Elyvilon
Gozag
Hepliaklqana
Kikubaaqudgha
Makhleb
Nemelex Xobeh
Okawaru
Qazlal
Ru
Sif Muna
Trog
Uskayaw
Vehumet
Wu Jian
Xom
Yredelemnul
Zin

Annotations:
D:10 1 runed translucent door


Innate Abilities, Weirdness & Mutations

You passively map the area around you.
You are easily found by Zot.
You glow in the dark.
You regain HP and MP as you explore.


Message History

You feel very sick.
You kill the yak!
Cheibriados appreciates the change of pace.
The wolf bites you.
A warg comes into view.
You block the wolf's attack.
Casting: Stone Arrow (safe; 1% risk of failure)
Confirm with . or Enter, or press ? or * to list all spells.
Okay, then.
Unknown command.
You feel better. You block the wolf's attack. The komodo dragon bites you!!
* * * LOW HITPOINT WARNING * * *
The wolf misses you.
Casting: Stone Arrow (safe; 1% risk of failure)
Confirm with . or Enter, or press ? or * to list all spells.
Aiming: Stone Arrow (safe; 1% risk of failure)
Press: ? - help, Shift-Dir - straight line, f - komodo dragon
Aim: a komodo dragon (heavily wounded, very poisoned, 84% to hit)
The stone arrow hits the komodo dragon!
The komodo dragon is severely wounded.
The wolf misses you. You block the komodo dragon's attack.
An elephant comes into view.
You block the wolf's attack.
Casting: Stone Arrow (safe; 1% risk of failure)
Confirm with . or Enter, or press ? or * to list all spells.
Aiming: Stone Arrow (safe; 1% risk of failure)
Press: ? - help, Shift-Dir - straight line, f/p - komodo dragon
Aim: a komodo dragon (severely wounded, very poisoned, 84% to hit)
The stone arrow hits the komodo dragon.
The komodo dragon is almost dead.
The komodo dragon bites you!
* * * LOW HITPOINT WARNING * * *
Okay, then.
Unknown command.
Okay, then.
Unknown command.
You feel much better. The komodo dragon bites you!!
* * * LOW HITPOINT WARNING * * *
The five-headed hydra bites you.
You die...

#.............~..
#.....)..)....... , ##
#.......Y........ *.
#.###†............... ,
#.###.........^.........
#.........hh...........,,
#...†.†YYh#†..........
##...Yl#Dk.##.........,
#..#.<#@######.....#..,,
#....#### *.#.#.#*,
.......** ...###* .......
, * ... , .#..... , *, ,
*,* , #..F... ,* ,,
##...#. , , , , ...#.. ,,
, , * , ,


You could see a five-headed hydra, an elephant, a komodo dragon (very poisoned),
2 yaks, a rime drake (poisoned), a warg, a hell hound (poisoned) and a wolf
(poisoned).

Vanquished Creatures
  A boulder beetle (Lair:4)
  A two-headed ogre (D:9)
  Pikel (D:4)
  A torpor snail (Lair:3)
  10 elephants
  6 black mambas
  5 cane toads
  5 komodo dragons
  A rime drake (Lair:3)
  2 polar bears
  4 dream sheep (Lair:3)
  11 blink frogs
  A shadow (D:10)
  A wyvern (Lair:3)
  14 yaks
  A basilisk (Lair:4)
  A steam dragon (D:8)
  Menkaure (D:4)
  4 acid dragons
  4 orc warriors
  12 water moccasins
  3 sky beasts
  3 black bears
  An ice beast (D:5)
  17 wolves
  An ogre (D:5)
  A centaur (D:11)
  A lemure (D:4)
  3 phantoms
  9 bullfrogs
  2 kobold brigands
  2 gnoll sergeants
  A scorpion (D:9)
  3 wights (D:7)
  10 killer bees
  3 howler monkeys
  2 electric eels (D:10)
  4 jellies
  4 orc priests
  A gnoll bouda (D:8)
  Ijyb (D:4)
  3 iguanas
  6 orc wizards
  11 gnolls
  4 adders
  2 shadow imps
  2 white imps
  A worm (D:2)
  The ghost of Gadrel the Sneak, a weakling MiDe (D:5)
  5 dart slugs
  22 orcs
  2 endoplasms
  2 giant cockroaches (D:2)
  2 goblins (D:2)
  3 hobgoblins
  4 jackals (D:2)
  A quokka (D:2)
  2 ball pythons (D:3)
  3 bats
  A frilled lizard (D:1)
  12 kobolds
  A rat (D:2)
249 creatures vanquished.

Vanquished Creatures (collateral kills)
  2 gnolls (D:9)
2 creatures vanquished.

Vanquished Creatures (others)
  A goblin (D:3)
  18 fungi
  34 plants
53 creatures vanquished.

Grand Total: 304 creatures vanquished

Notes
Turn   | Place    | Note
-------+----------+-------------------------------------------
     0 | D:1      | FexLirch the Meteoran Earth Elementalist began the quest
                  | for the Orb.
     0 | D:1      | Reached XP level 1. HP: 14/14 MP: 5/5
    86 | D:2      | Reached XP level 2. HP: 16/20 MP: 2/6
    96 | D:2      | Learned a level 2 spell: Passwall
   145 | D:2      | Reached skill level 3 in Spellcasting
   145 | D:2      | Reached skill level 1 in Conjurations
   163 | D:2      | Reached XP level 3. HP: 26/26 MP: 4/8
   316 | D:1      | Learned a level 3 spell: Stone Arrow
   361 | D:3      | Noticed a steam dragon
   373 | D:3      | Reached XP level 4. HP: 21/33 MP: 3/10
   407 | D:4      | Noticed an ogre
   508 | D:4      | Noticed Ijyb
   513 | D:4      | Killed Ijyb
   542 | D:4      | Noticed Pikel
   542 | D:4      | Noticed a lemure
   542 | D:4      | Noticed a lemure
   542 | D:4      | Noticed a lemure
   543 | D:4      | Noticed a lemure
   545 | D:4      | Killed a lemure
   546 | D:4      | Killed Pikel
   547 | D:4      | Reached skill level 1 in Armour
   547 | D:4      | Reached skill level 6 in Spellcasting
   547 | D:4      | Reached skill level 1 in Evocations
   547 | D:4      | Reached XP level 5. HP: 35/38 MP: 7/14
   547 | D:4      | Reached XP level 6. HP: 42/45 MP: 8/16
   547 | D:4      | Reached XP level 7. HP: 47/50 MP: 8/17
   557 | D:4      | Noticed Menkaure
   561 | D:4      | Killed Menkaure
   562 | D:4      | Reached XP level 8. HP: 58/58 MP: 14/18
   627 | D:4      | Found a burning altar of Makhleb.
   627 | D:4      | Found a hazy altar of Hepliaklqana.
   731 | D:5      | Entered Level 5 of the Dungeon
   802 | D:5      | Reached skill level 1 in Poison Magic
   810 | D:5      | Reached skill level 7 in Spellcasting
   813 | D:5      | Found a staircase to the Ecumenical Temple.
   823 | Temple   | Entered the Ecumenical Temple
  1006 | D:5      | Found an ornate altar of the Wu Jian Council.
  1016 | D:5      | Learned a level 4 spell: Olgreb's Toxic Radiance
  1117 | D:5      | Reached skill level 8 in Spellcasting
  1168 | D:7      | Gained mutation: You passively map the area around you.
                  | [Meteoran growth]
  1168 | D:7      | Reached XP level 9. HP: 59/63 MP: 17/22
  1213 | D:6      | Found an opulent altar of Gozag.
  1253 | D:6      | Reached skill level 9 in Spellcasting
  1423 | D:6      | Reached skill level 10 in Spellcasting
  1423 | D:6      | Reached skill level 5 in Poison Magic
  1427 | D:6      | Found a white marble altar of Elyvilon.
  1540 | D:5      | Found a runed translucent door.
  1540 | D:5      | Noticed Gadrel's ghost (weakling MiDe)
  1548 | D:5      | Reached skill level 1 in Fighting
  1550 | D:5      | Killed Gadrel's ghost
  1672 | D:7      | Reached skill level 11 in Spellcasting
  1672 | D:7      | Reached XP level 10. HP: 74/74 MP: 25/26
  1825 | D:7      | Reached skill level 12 in Spellcasting
  2116 | D:9      | Noticed a komodo dragon
  2124 | D:9      | Reached skill level 5 in Fighting
  2146 | D:9      | Killed a komodo dragon
  2147 | D:9      | Reached skill level 13 in Spellcasting
  2153 | D:9      | Found an ancient bone altar of Kikubaaqudgha.
  2203 | D:8      | Found a snail-covered altar of Cheibriados.
  2208 | D:8      | Became a worshipper of Cheibriados the Contemplative
  2355 | D:9      | Learned a level 3 spell: Call Canine Familiar
  2400 | D:9      | Noticed a two-headed ogre
  2403 | D:9      | Reached XP level 11. HP: 67/89 MP: 20/29
  2404 | D:9      | Reached skill level 1 in Shields
  2409 | D:9      | Killed a two-headed ogre
  2462 | D:9      | Reached skill level 14 in Spellcasting
  2465 | D:9      | Reached * piety under Cheibriados
  2562 | D:10     | Entered Level 10 of the Dungeon
  2650 | D:10     | Found a runed translucent door.
  2650 | D:10     | Noticed a sixfirhy
  2866 | D:9      | Found a staircase to the Lair.
  2870 | Lair:1   | Entered Level 1 of the Lair of Beasts
  2893 | Lair:1   | Noticed an elephant
  2896 | Lair:1   | Noticed an elephant
  2897 | Lair:1   | Noticed an elephant
  2898 | Lair:1   | Noticed an elephant
  2902 | Lair:1   | Killed an elephant
  2902 | Lair:1   | Noticed an elephant
  2903 | Lair:1   | Reached skill level 1 in Invocations
  2903 | Lair:1   | Noticed an elephant
  2908 | Lair:1   | Killed an elephant
  2919 | Lair:2   | Reached ** piety under Cheibriados
  2951 | Lair:2   | Reached skill level 15 in Spellcasting
  3008 | Lair:3   | Noticed a black mamba
  3012 | Lair:3   | Killed a black mamba
  3013 | Lair:3   | Reached skill level 5 in Shields
  3037 | Lair:3   | Reached XP level 12. HP: 100/100 MP: 2/32
  3087 | Lair:2   | Reached *** piety under Cheibriados
  3168 | Lair:3   | Found a staircase to the Snake Pit.
  3179 | Lair:3   | Reached skill level 5 in Invocations
  3213 | Lair:3   | Reached skill level 16 in Spellcasting
  3307 | Lair:3   | Reached **** piety under Cheibriados
  3320 | Lair:3   | Learned a level 6 spell: Statue Form
  3331 | Lair:4   | Learned a level 3 spell: Ozocubu's Armour
  3346 | Lair:4   | Noticed a boulder beetle
  3361 | Lair:4   | Killed a boulder beetle
  3362 | Lair:4   | Reached XP level 13. HP: 43/110 MP: 6/34
  3500 | Lair:5   | Entered Level 5 of the Lair of Beasts
  3500 | Lair:5   | Noticed a five-headed hydra
  3597 | Lair:5   | Reached skill level 17 in Spellcasting
  3624 | Lair:5   | Reached ***** piety under Cheibriados
  3634 | Lair:5   | Reached skill level 5 in Transmutations
  3639 | Lair:5   | HP: 3/111 [komodo dragon (25)]
  3639 | Lair:5   | Slain by a five-headed hydra

Illustrated notes

Levels and vault maps discovered:
D:1:      amcnicky_arrival_abandoned_market, layout_basic,
          hellmonk_ecumenical_altar_leap_of_faith
D:2:      layout_basic, minmay_unequal
D:3:      layout_basic, mainiacjoe_overflow_concentric_impassable,
          gammafunk_ghost_grave
D:4:      layout_basic, amcnicky_altar_gilded, nicolae_overflow_two_pavilions,
          kennysheep_generic_room_6, uniq_ijyb, uniq_eustachio, uniq_pikel,
          uniq_menkaure
D:5:      layout_loops_corners, nicolae_wu_jian_wuxing_cycle,
          minmay_temple_entry_stoned_glass, ebering_ghost_sewer_d,
          uniq_blork_the_orc
D:6:      layout_loops_ring, nicolae_gozag_cash_rules_everything_around_me,
          marbit_many_paths
D:7:      layout_loops_ring
D:8:      layout_rooms, mainiacjoe_overflow_six_doors_small
D:9:      layout_loops_ring, general_overflow_altar,
          grunt_lair_entry_orc_guard_hut
D:10:     cheibrodos_shockbox, layout_basic, reono_crystal_passage,
          david_defended_altar_orc
D:11:     layout_gridville, uniq_fannar
Temple:   oiseaux_autumnal_temple
Lair:1:   layout_gridlike, tgw_fedhas, uniq_harold
Lair:2:   layout_roguey, minmay_shoals_entry_hut
Lair:3:   layout_big_grid, minmay_snake_entry_six_corridors, basic_altar
Lair:4:   layout_loops_ring
Lair:5:   hangedman_lair_caniforms_friends, layout_layer_cave, wormcave,
          slime_entry_2, chequers_serial_rivers_large_a, lemuel_fruit_fields,
          serial_bayou_shore_b, lemuel_fruit_tree, infiniplex_staircase_pool_2

Skill      XL: |  1  2  3  4  5  6  7  8  9 10 11 12 13 |
---------------+----------------------------------------+-----
Earth Magic    | 4 6 7 8 |  8.6
Spellcasting   | 3 6 8 11 13 15 16 17 | 17.3
Conjurations   | 1 3 4 |  4.0
Armour         | 1 2 |  2.1
Evocations     | 1 |  1.4
Poison Magic   | 3 5 |  5.3
Fighting       | 2 5 7 8 9 |  9.5
Shields        | 5 7 |  7.0
Invocations    | 3 6 |  6.8
Transmutations | 5 |  5.2
Dodging        | 4 |  4.5
Stealth        | |  1.4

Action                   |  1- 3 |  4- 6 |  7- 9 | 10-12 | 13-15 || total
-------------------------+-------+-------+-------+-------+-------++-------
Melee: Dagger            |     1 |       |       |       |       ||     1
       Whip              |       |       |       |     4 |       ||     4
       Short sword       |       |       |       |     2 |    13 ||    15
 Cast: Sandblast         |    35 |     7 |    28 |    43 |     9 ||   122
       Passwall          |     6 |     5 |     4 |    11 |       ||    26
       Stone Arrow       |       |     2 |    60 |   169 |    37 ||   268
       Olgreb's Toxic Ra |       |       |     3 |    41 |    13 ||    57
       Call Canine Famil |       |       |       |     1 |       ||     1
       Ozocubu's Armour  |       |       |       |       |     1 ||     1
Evoke: Wand              |       |     5 |     1 |     5 |       ||    11
  Use: Scroll            |       |       |     5 |     7 |     4 ||    16
       Potion            |       |       |       |     1 |     7 ||     8
Armor: Robe              |     8 |       |       |    57 |    43 ||   108
       Leather armour    |     4 |       |     8 |       |       ||    12
Dodge: Dodged            |    23 |     3 |    29 |    76 |    47 ||   178
Block: Kite shield       |       |       |       |   100 |    81 ||   181
